 Dungeon Crawl Stone Soup version 0.28-a0-1447-ga5a8893891 (webtiles) character file.

Game seed: 1326462260270334983

36 ticklebelly the Skirmisher (level 3, -1/33 HPs)
             Began as a Minotaur Berserker on Jan 12, 2022.
             Was a Believer of Trog.
             Succumbed to an adder's poison
             ... on level 2 of the Dungeon.
             The game lasted 00:01:16 (915 turns).

ticklebelly the Skirmisher (Minotaur Berserker)      Turns: 915, Time: 00:01:20

Health: -1/33      AC:  2    Str: 23    XL:     3   Next: 19%
Magic:  2/2        EV: 12    Int:  4    God:    Trog [**....]
Gold:   13         SH:  0    Dex:  9    Spells: 2/2 levels left

rFire   . . .      SeeInvis .   a - +0 hand axe
rCold   . . .      Faith    .   (no shield)
rNeg    . . .      Spirit   .   b - +0 animal skin
rPois   .          Reflect  .   (helmet restricted)
rElec   .          Harm     .   (no cloak)
rCorr   .          Rampage  .   (no gloves)
Will    .....                   (no boots)
Stlth   +.........              (no amulet)
HPRegen 0.11/turn               (no ring)
MPRegen 0.08/turn               (no ring)

@: lethally poisoned (-1 -> -6)
A: horns 2, retaliatory headbutt
a: Renounce Religion, Berserk, Trog's Hand


You were on level 2 of the Dungeon.
You worshipped Trog.
Trog was pleased with you.
You visited 1 branch of the dungeon, and saw 2 of its levels.

You collected 13 gold pieces.

Inventory:

Hand Weapons
 a - a +0 hand axe (weapon)
Armour
 b - a +0 animal skin (worn)
Scrolls
 c - 5 scrolls of identify {unknown}
 d - a scroll of immolation {unknown}


   Skills:
 + Level 4.2 Fighting
 + Level 4.2 Axes
 + Level 3.2 Armour
 - Level 2.1 Dodging


You had 2 spell levels left.
You didn't know any spells.
Your spell library was empty.

Dungeon Overview and Level Annotations

Branches:
Dungeon (2/15)

Altars:


Innate Abilities, Weirdness & Mutations

You have a pair of horns on your head.
You reflexively headbutt those who attack you in melee.


Message History

You headbutt the adder!
You kill the adder!
Trog accepts your kill.
You can now call upon Trog for regeneration and willpower.
You have reached level 3!
Your experience leads to an increase in your attributes!
Increase (S)trength, (I)ntelligence, or (D)exterity?
You feel stronger. x2
You are too injured to fight recklessly!
You are too injured to fight recklessly!
You feel sick.
The dart slug bites you but does no damage.
You see here an adder corpse.
You hit the dart slug but do no damage. You hit the kobold.
You feel sick. The kobold barely misses you. The dart slug closely misses you.
You hit the dart slug but do no damage. You slash the kobold!
You kill the kobold!
Trog accepts your kill.
You feel sick.
You are no longer poisoned.
The adder barely misses you. You furiously retaliate!
You headbutt the adder. The dart slug launches a dart at you.
The slug dart hits you.
You hit the dart slug but do no damage. You closely miss the adder.
The adder barely misses you.
You hit the dart slug but do no damage. You hit the adder. The adder bites you.
* * * LOW HITPOINT WARNING * * *
The dart slug bites you.
* * * LOW HITPOINT WARNING * * *
The adder bites you.
* * * LOW HITPOINT WARNING * * *
You are lethally poisoned!
The adder poisons you!
You slash the dart slug! You headbutt the dart slug.
You kill the dart slug!
Trog accepts your kill.
You hit the adder.
You kill the adder!
Trog accepts your kill.
You die...

#.........#
#.........#
####.........#
..>$........#
#..........#
#.?........#
#...)†.....# #.##
#..@......# #...
###'####### #..#
#.# #..# #####.#
#..# #.....# #..#
#†....#
#..#########.....#
.†.....#.........#
#.#.#..#.###....##


There were no monsters in sight!

Vanquished Creatures
  2 adders (D:2)
  A dart slug (D:2)
  4 endoplasms
  3 giant cockroaches
  A goblin (D:1)
  3 hobgoblins
  2 quokkas
  2 ball pythons
  A bat (D:1)
  4 kobolds
  3 rats
26 creatures vanquished.

Notes
Turn   | Place    | Note
-------+----------+-------------------------------------------
     0 | D:1      | ticklebelly the Minotaur Berserker began the quest for the
                  | Orb.
     0 | D:1      | Reached XP level 1. HP: 19/19 MP: 0/0
   535 | D:1      | Reached XP level 2. HP: 27/27 MP: 1/1
   669 | D:2      | Noticed a shining eye
   671 | D:2      | Found a faded altar of an unknown god.
   675 | D:2      | Noticed a floating eye
   675 | D:2      | Noticed a floating eye
   675 | D:2      | Noticed a floating eye
   909 | D:2      | Reached ** piety under Trog
   910 | D:2      | Reached XP level 3. HP: 16/33 MP: 2/2
   914 | D:2      | HP: 1/33 [adder (3)]
   915 | D:2      | Succumbed to an adder's poison

Illustrated notes

Levels and vault maps discovered:
D:1:      lightli_arrival_statue_moat, layout_loops_cross
D:2:      layout_basic, hellmonk_ecumenical_altar_watching_god

Skill      XL: |  1  2 |
---------------+-------+-----
Axes           | 4 |  4.2
Fighting       | 4 |  4.2
Armour         | 3 |  3.2
Dodging        | |  2.1

Action                   || total
-------------------------++-------
Melee: Hand axe          ||    53
       Punch             ||     1
       Headbutt          ||     3
Armor: Animal skin       ||     6
Dodge: Dodged            ||    43

Table legend: (Time is in decaauts)
 A = Elapsed time spent in this place.
 B = Non-inter-level travel time spent in this place.
 C = Inter-level travel time spent in this place.
 D = Time resting spent in this place.
 E = Time spent auto-exploring this place.
 F = Levels seen in this place.
 G = Mean time per level.
                   A        B        C        D        E       F      G
               +--------+--------+--------+--------+--------+-----+--------+
         Total |    920 |    906 |     14 |      0 |    772 |   2 |  460.0 |
       Dungeon |    920 |    906 |     14 |      0 |    772 |   2 |  460.0 |
               +--------+--------+--------+--------+--------+-----+--------+

Top non-repeatable levels by time:
     D:1: 668 daAuts
     D:2: 251 daAuts
